 Dungeon Crawl Stone Soup version 0.28.0 (webtiles) character file.

Game seed: 4306445305137701681

11627 croobank the Severer (level 11, -2/94 HPs)
             Began as a Minotaur Berserker on Feb 12, 2022.
             Was a High Priest of Trog.
             Slain by Snorg (21 damage)
             ... on level 11 of the Dungeon.
             The game lasted 00:36:07 (10547 turns).

croobank the Severer (Minotaur Berserker)          Turns: 10547, Time: 00:36:08

Health: -2/94      AC: 15    Str: 26    XL:     11   Next: 51%
Magic:  10/10      EV:  8    Int:  4    God:    Trog [*****.]
Gold:   573        SH:  9    Dex: 10    Spells: 10/10 levels left

rFire   . . .      SeeInvis +   a - +2 war axe (chaos)
rCold   . . .      Faith    .   P - +0 kite shield
rNeg    . . .      Spirit   .   B - +2 plate armour
rPois   +          Reflect  .   (helmet restricted)
rElec   .          Harm     +   c - scarf {harm}
rCorr   .          Rampage  .   (no gloves)
Will    .....                   (no boots)
Stlth   ..........              w - amulet of the acrobat
HPRegen 0.25/turn               s - ring of poison resistance
MPRegen 0.12/turn               t - ring of see invisible

@: slowed, very slow
A: horns 2, retaliatory headbutt
a: Renounce Religion, Berserk, Trog's Hand, Brothers in Arms


You were on level 11 of the Dungeon.
You worshipped Trog.
Trog was extremely pleased with you.
You visited 1 branch of the dungeon, and saw 11 of its levels.

You collected 848 gold pieces.
You spent 275 gold pieces at shops.

Inventory:

Hand Weapons
 a - a +2 war axe of chaos (weapon)
 b - a +0 hunting sling
 g - a +3 glaive
 j - a +0 whip of freezing
 l - a +2 short sword of holy wrath
 v - a +1 whip of holy wrath
 A - a +2 whip of draining
 E - a +0 dire flail
 F - a +3 vorpal war axe
 J - a +0 shortbow
 U - a +0 battleaxe of freezing
Missiles
 f - 43 sling bullets
 h - 279 arrows
 i - 95 bolts
 k - 398 stones
 x - 2 boomerangs
 y - 4 atropa-tipped darts (quivered)
 L - 7 poisoned darts
 S - 5 curare-tipped darts
Armour
 c - a scarf of harm (worn)
 e - a +0 chain mail
 B - a +2 plate armour (worn)
 H - a +2 ring mail of poison resistance
 N - a +0 buckler
 P - a +0 kite shield (worn)
 Q - the +2 ratskin cloak {*Rats rPois rN+ Str-1 Int-1 Dex+1}
   (You found it on level 9 of the Dungeon)

   When the wearer is hurt, rats may emerge from it to assist them.
   Str:       It affects your strength (-1).
   Int:       It affects your intelligence (-1).
   Dex:       It affects your dexterity (+1).
   rPois:     It protects you from poison.
   rN:        It protects you from negative energy.
Jewellery
 q - a ring of ice
 s - a ring of poison resistance (left hand)
 t - a ring of see invisible (right hand)
 w - an amulet of the acrobat (around neck)
 C - a ring of flight
 M - an amulet of faith
 R - a ring of resist corrosion
Wands
 D - a wand of digging (5)
 O - a wand of iceblast (6)
 V - a wand of flame (11)
Scrolls
 d - a scroll of magic mapping
 m - 2 scrolls of blinking
 n - 2 scrolls of immolation
 o - a scroll of acquirement {unknown}
 p - 3 scrolls of amnesia
 z - 9 scrolls of teleportation
 W - a scroll of fear
Potions
 r - 6 potions of curing
 u - 2 potions of haste
 G - a potion of lignification
 I - a potion of ambrosia
 K - a potion of attraction {unknown}
 T - 2 potions of heal wounds {unknown}


   Skills:
 + Level 8.0 Fighting
 - Level 16.9 Axes
 + Level 7.5 Armour
 + Level 6.8 Dodging
 + Level 6.8 Shields


You had 10 spell levels left.
You didn't know any spells.
Your spell library was empty.

Dungeon Overview and Level Annotations

Branches:
Dungeon (11/15)            Temple (0/1) D:7            Lair (0/6) D:10
    Orc (0/2) D:9

Altars:
Dithmenos
Trog

Shops:
D:7 *[([*

Portals:
Ice
Cave: D:11

Annotations:
D:11 Snorg


Innate Abilities, Weirdness & Mutations

You have a pair of horns on your head.
You reflexively headbutt those who attack you in melee.


Message History

You closely miss the wraith. Your headbutt misses the wraith.
The wraith is lightly damaged.
You barely miss the white imp. The wraith hits you but does no damage.
You closely miss the wraith. You headbutt the wraith.
The wraith is lightly damaged.
You hit the white imp. The wraith hits you.
The white imp hits you but does no damage.
The wraith hits you! The wraith drains your vigour!
You feel as though you will be slow longer.
You closely miss the wraith.
The wraith is lightly damaged.
You barely miss the white imp. The wraith hits you.
The wraith drains your vigour!
You feel as though you will be slow longer.
Snorg goes berserk!
You block the white imp's attack.
You barely miss the wraith. Your headbutt misses the wraith.
The wraith is lightly damaged.
You closely miss the white imp. The wraith barely misses you.
You hit the wraith.
The wraith is lightly damaged.
You slash Snorg! You freeze Snorg. You block Snorg's attack.
Snorg claws you but does no damage. You block Snorg's attack.
You block the wraith's attack. Snorg bites you!
Snorg claws you but does no damage. Snorg claws you!
The wraith closely misses you.
Blink to where?
Press: ? - help, Dir - move target
Found 17 stones.
As you read the scroll of blinking, it crumbles to dust.
You block Snorg's attack. Snorg claws you!
* * * LOW HITPOINT WARNING * * *
You block Snorg's attack. The white imp barely misses you.
The white imp gestures at you.
The puff of frost hits you but does no damage.
The white imp gestures at you. The puff of frost hits you.
* * * LOW HITPOINT WARNING * * *
The white imp hits you but does no damage.
Snorg barely misses you. Snorg claws you!!
You die...

#####
#############.....
.................
.....5.55.....(.
....555@.......
....5WT5.......
.......5..(....
###'...###.....
#ยง### ##### #.#
##.# #..# #.##


You could see Snorg (berserk), a wraith and 9 white imps.

Vanquished Creatures
  A hydra (D:7)
  2 two-headed ogres
  Prince Ribbit (D:6)
  3 shadows
  A wraith (D:9)
  Sigmund (D:4)
  8 yaks
  A steam dragon (D:9)
  Menkaure (D:7)
  3 wargs (D:9)
  An acid dragon (D:9)
  3 water moccasins
  3 orc warriors
  3 necrophages
  3 ogres
  4 centaurs
  A phantom (D:5)
  2 kobold brigands
  4 bullfrogs
  3 scorpions
  A wyvern zombie (D:8)
  A water moccasin zombie (D:5)
  2 water moccasin skeletons
  9 killer bees
  A wight (D:8)
  A howler monkey (D:9)
  3 jellies
  4 hounds
  5 orc priests
  2 gnoll shamans
  A bullfrog skeleton (D:6)
  An iguana (D:4)
  Natasha (twice) (D:2)
  Terence (D:2)
  A hell rat (D:10)
  6 orc wizards
  A killer bee zombie (D:8)
  A howler monkey zombie (D:7)
  Robin (D:3)
  3 adders
  11 gnolls
  A river rat (D:10)
  4 white imps
  An ufetubus (D:5)
  2 worms
  3 dart slugs
  13 orcs
  8 ball pythons
  8 endoplasms
  A giant cockroach (D:3)
  16 goblins
  7 hobgoblins
  9 jackals
  18 kobolds
  4 quokkas
  5 bats
  2 frilled lizards (D:1)
  2 rats (D:4)
211 creatures vanquished.

Vanquished Creatures (collateral kills)
  A two-headed ogre (D:9)
  3 death yaks (D:10)
  2 orc warriors (D:9)
  An orc priest (D:10)
  3 hell rats (D:10)
  A river rat (D:10)
  A quokka (D:10)
  A rat (D:10)
13 creatures vanquished.

Vanquished Creatures (others)
  A centaur (D:8)
  An orc wizard (D:5)
  9 plants (D:2)
11 creatures vanquished.

Grand Total: 235 creatures vanquished

Notes
Turn   | Place    | Note
-------+----------+-------------------------------------------
     0 | D:1      | croobank the Minotaur Berserker began the quest for the
                  | Orb.
     0 | D:1      | Reached XP level 1. HP: 19/19 MP: 0/0
   336 | D:1      | Reached XP level 2. HP: 23/27 MP: 1/1
   470 | D:1      | Reached skill level 4 in Axes
   983 | D:2      | Reached XP level 3. HP: 29/33 MP: 2/2
   987 | D:2      | Reached ** piety under Trog
  1057 | D:2      | Reached skill level 5 in Axes
  1199 | D:2      | Noticed Terence
  1204 | D:2      | Killed Terence
  1205 | D:2      | Reached XP level 4. HP: 40/40 MP: 3/3
  1274 | D:2      | Found a shadowy altar of Dithmenos.
  1431 | D:2      | Noticed Natasha
  1440 | D:2      | Killed Natasha
  1441 | D:2      | Reached skill level 6 in Axes
  1952 | D:2      | Noticed Natasha
  1962 | D:2      | Killed Natasha
  1963 | D:2      | Reached XP level 5. HP: 43/46 MP: 4/4
  2154 | D:3      | Noticed Robin
  2178 | D:3      | Killed Robin
  2551 | D:3      | Reached skill level 7 in Axes
  2657 | D:3      | Found a faded altar of an unknown god.
  2671 | D:3      | Reached *** piety under Trog
  3070 | D:4      | Noticed Sigmund
  3077 | D:4      | Killed Sigmund
  3078 | D:4      | Reached skill level 8 in Axes
  3078 | D:4      | Reached XP level 6. HP: 52/52 MP: 5/5
  3082 | D:4      | Reached skill level 9 in Axes
  3123 | D:4      | Reached XP level 7. HP: 56/58 MP: 6/6
  3713 | D:4      | Reached skill level 10 in Axes
  3947 | D:4      | Found a bloodstained altar of Trog.
  4170 | D:5      | Entered Level 5 of the Dungeon
  4380 | D:5      | Reached skill level 11 in Axes
  4441 | D:5      | Reached XP level 8. HP: 66/66 MP: 7/7
  4723 | D:5      | Reached skill level 12 in Axes
  5667 | D:6      | Noticed Prince Ribbit
  5691 | D:6      | Reached skill level 13 in Axes
  5691 | D:6      | Killed Prince Ribbit
  5691 | D:6      | Reached **** piety under Trog
  6131 | D:7      | Found Giycael's General Store.
  6140 | D:7      | Bought a scroll of magic mapping for 45 gold pieces
  6140 | D:7      | Bought a scroll of identify for 26 gold pieces
  6262 | D:7      | Found Houtyukau's General Store.
  6264 | D:7      | Found Caapnuw's Weapon Emporium.
  6272 | D:7      | Reached skill level 14 in Axes
  6297 | D:7      | Reached XP level 9. HP: 61/71 MP: 8/8
  6588 | D:7      | Bought a potion of might for 60 gold pieces
  6601 | D:7      | Noticed a six-headed hydra
  6610 | D:7      | Killed a six-headed hydra
  6611 | D:7      | Reached skill level 15 in Axes
  7043 | D:7      | Noticed Menkaure
  7071 | D:7      | Killed Menkaure
  7303 | D:7      | Found Eruosij's Antique Armour Emporium.
  7377 | D:7      | Found Ifar Qephank's Armour Boutique.
  7385 | D:7      | Bought a scarf of harm for 144 gold pieces
  7400 | D:7      | Found a staircase to the Ecumenical Temple.
  7585 | D:8      | Reached skill level 16 in Axes
  8085 | D:8      | Reached XP level 10. HP: 53/78 MP: 9/9
  8305 | D:8      | Reached skill level 1 in Shields
  8595 | D:9      | Found a staircase to the Orcish Mines.
  8605 | D:9      | Noticed a two-headed ogre
  8613 | D:9      | Killed a two-headed ogre
  8678 | D:9      | Reached skill level 5 in Fighting
  8879 | D:9      | Found the +2 ratskin cloak {*Rats rPois rN+ Str-1 Int-1
                  | Dex+1}
  9169 | D:9      | Reached skill level 5 in Armour
  9405 | D:10     | Entered Level 10 of the Dungeon
  9421 | D:10     | Reached skill level 5 in Dodging
  9543 | D:10     | Noticed a death yak
  9546 | D:10     | Noticed a death yak
  9547 | D:10     | Noticed a death yak
  9565 | D:10     | Killed a death yak
  9566 | D:10     | Reached skill level 5 in Shields
  9569 | D:10     | Killed a death yak
  9570 | D:10     | Reached XP level 11. HP: 52/91 MP: 10/10
  9573 | D:10     | Killed a death yak
  9583 | D:10     | Found a staircase to the Lair.
  9839 | D:10     | Noticed a two-headed ogre
  9845 | D:10     | Banished a two-headed ogre
  9903 | D:10     | Reached ***** piety under Trog
 10102 | D:10     | Noticed a two-headed ogre
 10108 | D:10     | Killed a two-headed ogre
 10410 | D:11     | Noticed a two-headed ogre
 10414 | D:11     | Killed a two-headed ogre
 10534 | D:11     | Found a frozen archway.
 10536 | D:11     | Noticed Snorg
 10547 | D:11     | Slain by Snorg

Illustrated notes

Levels and vault maps discovered:
D:1:      dpeg_arrival_boxes_within_box, layout_basic
D:2:      layout_basic, basic_altar, chequers_big_river, uniq_natasha,
          uniq_terence
D:3:      layout_basic, nicolae_ecumenical_snake_handling, uniq_robin
D:4:      minmay_evil_eye, layout_loops_corners, trog_butcher_becter,
          uniq_sigmund
D:5:      layout_loops_ring
D:6:      layout_basic, uniq_prince_ribbit1
D:7:      layout_loops_cross, minmay_temple_entry_statues_fountains,
          serial_shops, shop, nicolae_shop_behind_doors,
          nicolae_shop_advertising_works [nicolae_subvault_shop_adworks],
          nicolae_stop_n_shop_2, shop, uniq_menkaure
D:8:      layout_basic, hangedman_minor_gate_pass
D:9:      layout_rooms, david_orc_1_choice
D:10:     layout_loops_ring, dpeg_lair_monsters
D:11:     layout_roguey, portal_ice_cave_entry_imps, minmay_lizard_king,
          uniq_snorg

Skill      XL: |  1  2  3  4  5  6  7  8  9 10 11 |
---------------+----------------------------------+-----
Axes           | 4 5 6 8 9 11 14 16 | 16.9
Fighting       | 6 8 |  8.0
Armour         | 6 7 |  7.5
Shields        | 5 6 |  6.8
Dodging        | 5 6 |  6.8

Action                   |  1- 3 |  4- 6 |  7- 9 | 10-12 || total
-------------------------+-------+-------+-------+-------++-------
Melee: Hand axe          |    16 |       |       |       ||    16
       Headbutt          |     5 |    13 |    27 |    24 ||    69
       War axe           |    57 |    92 |   180 |   172 ||   501
       Punch             |       |       |     5 |       ||     5
       Whip              |       |       |    13 |       ||    13
 Fire: Hunting sling     |       |       |     4 |       ||     4
Throw: Stone             |       |       |     6 |       ||     6
       Dart              |       |       |       |     1 ||     1
Invok: Berserk           |     1 |     1 |       |     1 ||     3
       Trog's Hand       |       |     1 |       |     1 ||     2
       Brothers in Arms  |       |       |       |     2 ||     2
  Use: Scroll            |       |     5 |    17 |     4 ||    26
       Potion            |       |       |     1 |       ||     1
 Stab: Petrifying        |       |       |     1 |       ||     1
       Paralysed         |       |       |       |     1 ||     1
Armor: Animal skin       |     6 |       |       |       ||     6
       Chain mail        |    36 |    66 |    23 |       ||   125
       Plate armour      |       |       |    70 |    52 ||   122
Dodge: Dodged            |    50 |    43 |    93 |    72 ||   258
Block: Kite shield       |       |       |       |    46 ||    46
